AoeStats
← RoadTo1100

Nomad

510466963Analyzed
4v4 RM · 2d ago on Oct 1, 2026· 46m 25s· 8 players
Game mode
Random Map
Map size
231×231
Population
200
Speed
Normal
Resources
Standard
Victory
Conquest
Starting age
Dark Age
Ending age
Imperial Age
RankedLock teamsTeams togetherTeam positionsShared explorationLock speedFull tech treeHidden civsTurbo modeCheats
Victory
Defeat
🇨🇱 Turks · Chile
1442
+14
🇨🇳 Malay · China
1434
+15
🇻🇳 Varangians · Vietnam
1378
+17
🇦🇺 Lithuanians · Australia
1345
+19
🇲🇽 Berbers · Mexico
1452
-18
🇲🇽 Vietnamese · Mexico
1415
-17
🇪🇪 Saxons · Estonia
1395
-16
🇲🇽 Italians · Mexico
1343
-14
OM | Kerry Copyto
3:33 Loom
14:08 Feudal Age
18:26 Castle Age
17:26 Double-Bit Axe
20:00 Fletching
20:59 Bodkin Arrow
21:17 Padded Archer Armor
29:52 Imperial Age
29:22 Bow Saw
33:00 Bracer
34:30 Ballistics
37:02 Chemistry
45:26 Scale Mail Armor
45:36 Forging
OM | Romeo D. Sins
2:55 Loom
13:51 Feudal Age
14:22 Double-Bit Axe
16:29 Fletching
19:29 Horse Collar
20:54 Wheelbarrow
23:19 Castle Age
23:02 Padded Archer Armor
24:36 Bodkin Arrow
27:17 Leather Archer Armor
27:54 Stone Mining
36:20 Gold Mining
37:56 Ballistics
41:19 Imperial Age
40:15 Treadmill Crane
42:05 Bracer
43:08 Chemistry
43:09 Ring Archer Armor
OM | Massiosare
4:37 Loom
17:00 Feudal Age
24:51 Horse Collar
28:09 Castle Age
26:21 Double-Bit Axe
26:58 Stone Mining
28:10 Gold Mining
29:25 Fletching
29:36 Padded Archer Armor
30:11 Heavy Plow
35:15 Stone Shaft Mining
35:07 Bow Saw
35:25 Bodkin Arrow
35:47 Leather Archer Armor
38:06 Ballistics
41:37 Imperial Age
42:21 Bracer
42:53 Ring Archer Armor
43:24 Chemistry
44:08 Elite Rattan Archer
44:23 Elite Rattan Archer
Persians
4:39 Loom
14:40 Feudal Age
15:18 Double-Bit Axe
17:20 Fishing Lines
20:17 Castle Age
20:09 Fletching
21:00 Wheelbarrow
21:18 Bow Saw
21:10 Bodkin Arrow
21:08 Gillnets
22:33 Hand Cart
22:25 Town Watch
24:25 Gold Mining
24:25 Stone Mining
25:10 Town Patrol
26:14 Gambesons
26:29 Squires
26:14 Arson
26:32 Scale Mail Armor
26:42 Forging
26:20 Horse Collar
27:47 Chain Mail Armor
26:58 Crossbowman
28:02 Forging
28:19 Ballistics
29:54 Iron Casting
29:28 Thumb Ring
29:02 Elite Skirmisher
37:09 Imperial Age
35:29 Gold Shaft Mining
35:45 Padded Archer Armor
37:11 Arbalester
38:01 Bracer
40:24 Plate Mail Armor
40:53 Conscription
40:26 Pikeman
41:24 Halberdier
_dEus_
12:41 Feudal Age
14:05 Loom
16:22 Town Watch
21:00 Castle Age
21:24 Double-Bit Axe
22:15 Bow Saw
22:13 Gold Mining
24:12 Horse Collar
33:20 Imperial Age
31:36 Padded Archer Armor
34:45 Elite Janissary
39:08 Leather Archer Armor
39:47 Conscription
43:43 Artillery
44:21 Heavy Plow
45:11 Ring Archer Armor
黛冬优子
4:51 Loom
12:44 Feudal Age
12:29 Double-Bit Axe
16:42 Fishing Lines
21:43 Castle Age
20:18 Fletching
21:57 Bow Saw
22:38 Wheelbarrow
26:09 Medium Warships
27:48 Gillnets
27:56 Bodkin Arrow
28:35 Gold Mining
30:05 Gold Shaft Mining
29:59 Hand Cart
32:45 Imperial Age
31:41 Masonry
31:52 Ballistics
31:46 Forging
32:49 Bracer
33:20 Conscription
34:25 Chemistry
34:51 Iron Casting
34:49 Siege Engineers
34:13 Man-at-Arms
34:16 Heavy Scorpion
34:31 Elite Skirmisher
36:21 Long Swordsman
37:04 Squires
38:04 Blast Furnace
38:31 Conscription
38:11 Thalassocracy
37:40 Two-Handed Swordsman
38:27 Stone Mining
40:38 Forced Levy
41:09 Arson
RoadTo1100
5:08 Loom
14:09 Feudal Age
15:55 Double-Bit Axe
19:25 Castle Age
20:10 Wheelbarrow
20:19 Bow Saw
20:03 Horse Collar
21:46 Heavy Plow
25:22 Hand Cart
30:14 Imperial Age
27:47 Stone Mining
28:08 Gold Mining
28:24 Treadmill Crane
29:46 Stone Shaft Mining
29:38 Ballistics
29:30 Forging
30:16 Scale Barding Armor
30:48 Iron Casting
30:04 Town Watch
31:25 Chain Barding Armor
32:29 Chemistry
31:46 Murder Holes
32:16 Conscription
33:19 Blast Furnace
32:39 Bloodlines
32:33 Husbandry
32:31 Vendel Legacy
33:51 Plate Barding Armor
33:34 Fletching
33:57 Masonry
33:41 Vendel Legacy
35:53 Two-Man Saw
35:31 Crop Rotation
36:20 Elite Jarl
39:57 Architecture
39:24 Bodkin Arrow
39:55 Heated Shot
40:15 Siege Engineers
41:32 Bracer
41:33 Padded Archer Armor
Slippery
5:08 Loom
13:47 Feudal Age
16:12 Fletching
19:57 Castle Age
22:42 Gold Mining
43:56 Wheelbarrow
45:47 Double-Bit Axe
46:04 Horse Collar
47:01 Bow Saw
Connection lost

Rejoining the realm…

Still unreachable

The connection could not be restored.

Session expired

The server has moved on; the page needs a fresh start.